 Dungeon Crawl Stone Soup version 0.20.0-15-g7f486f2 (console) character file.

1799 Kloppie the Carver (level 8, -1/73 HPs)
             Began as a Minotaur Fighter on June 11, 2017.
             Was an Initiate of Makhleb.
             Killed from afar by a steam dragon (5 damage)
             ... with a ball of steam
             ... on level 6 of the Dungeon.
             The game lasted 00:07:46 (6313 turns).

Kloppie the Carver (Minotaur Fighter)               Turns: 6313, Time: 00:07:47

Health: -1/73      AC: 10    Str: 23    XL:     8   Next: 83%
Magic:  7/7        EV:  8    Int:  5    God:    Makhleb [......]
Gold:   331        SH:  0    Dex: 10    Spells: 7/7 levels left

rFire    . . .     SeeInvis .   a - +0 long sword
rCold    . . .     Gourm    .   (no shield)
rNeg     . . .     Faith    .   w - +0 chain mail
rPois    .         Spirit   .   (helmet restricted)
rElec    .         Reflect  .   (no cloak)
rCorr    .         Harm     .   (no gloves)
MR       .....                  (no boots)
Stlth    ..........             (no amulet)
Regen    0.3/turn               (no ring)
MPRegen  0.1/turn               (no ring)

@: no status effects
A: retaliatory headbutt, horns 2
a: Renounce Religion


You were on level 6 of the Dungeon.
You worshipped Makhleb.
Makhleb was noncommittal.
You were not hungry.

You visited 2 branches of the dungeon, and saw 7 of its levels.

You collected 331 gold pieces.

Inventory:

Hand Weapons
 a - a +0 long sword (weapon)
Armour
 c - a +0 shield
 w - a +0 chain mail (worn)
Jewellery
 m - an uncursed ring of wizardry {unknown}
 u - an uncursed amulet of rage
Wands
 h - a wand of polymorph (13/24)
 y - a wand of flame (26/48)
 F - a wand of lightning (10/15)
 H - a wand of flame (31/48)
 I - a wand of acid (7/15)
Scrolls
 e - 4 scrolls of immolation {unknown}
 i - a scroll of fear {unknown}
 n - 2 scrolls of magic mapping {unknown}
 o - a scroll of recharging {unknown}
 p - 5 scrolls of remove curse {unknown}
 s - a scroll of amnesia {unknown}
 v - 2 scrolls of blinking {unknown}
 x - 4 scrolls of teleportation {unknown}
 A - a scroll of enchant armour {unknown}
 D - a scroll of identify
 E - a scroll of fog {unknown}
Potions
 b - a potion of cancellation
 j - 3 potions of curing
 k - 2 potions of heal wounds
 l - 2 potions of haste {unknown}
 t - a potion of brilliance {unknown}
 z - a potion of resistance {unknown}
 B - a potion of ambrosia {unknown}
Books
 G - a book of Air

   Spells                             Type                      Level
   a - Shock                          Conjuration/Air              1
   b - Swiftness                      Charms/Air                   2
   c - Static Discharge               Conjuration/Air              3
   d - Airstrike                      Air                          4
   e - Lightning Bolt                 Conjuration/Air              5
Comestibles
 d - a chunk of flesh
 f - 6 bread rations
 g - 2 meat rations
 q - 4 royal jellies
 r - 6 fruits


   Skills:
 - Level 7.3 Fighting
 + Level 10.0 Long Blades
 - Level 7.4 Armour
 + Level 4.8 Shields


You had 7 spell levels left.
You didn't know any spells.

Dungeon Overview and Level Annotations

Branches:
Dungeon (6/15)             Temple (1/1) D:5

Altars:
Ashenzari
Cheibriados
Dithmenos
Elyvilon
Gozag
Hepliaklqana
Kikubaaqudgha
Makhleb
Nemelex Xobeh
Okawaru
Qazlal
Ru
Sif Muna
Trog
Uskayaw
Vehumet
Xom
Yredelemnul
Zin
The Shining One


Innate Abilities, Weirdness & Mutations

You reflexively headbutt those who attack you in melee.
You have a pair of horns on your head.


Message History

The ball of steam hits you!
* * * LOW HITPOINT WARNING * * *
You closely miss the steam dragon.
The steam dragon is almost dead.
You are engulfed in a cloud of scalding steam.
* * * LOW HITPOINT WARNING * * *
The steam dragon bites you.
* * * LOW HITPOINT WARNING * * *
The steam dragon barely misses you.
You completely miss the steam dragon.
The steam dragon is almost dead.
You are engulfed in a cloud of scalding steam.
The steam dragon bites you but does no damage.
The steam dragon barely misses you.
You hit the steam dragon but do no damage.
The steam dragon is almost dead.
The fungus is engulfed in a cloud of scalding steam.
The steam dragon breathes steam at you. The ball of steam hits you!
You die...

............+...)).............).
......#######.)...###...######...
#.....#............#.............
#.....#.########.#.#....###......
###'###.###.P.##...#...........##
........##.≈P.≈#...#....########.
........#≈....PP#########P≈≈≈.≈P≈
........#P....^P^§≈≈≈P≈PP........
.......##......§@........≈≈.≈PP≈≈
.......# #P....DP§≈P≈.#######≈.≈≈
.......###PP≈.PP####### #...###≈.
.........###PP## #####.....###
.........# ######## #.......#.#.#
.........# #......# ##.#####....#
#######..###......# #.#......#..
##................####.#+##...#..
.)...........######.......#...##.


You could see a steam dragon.

Vanquished Creatures
  Sigmund (D:5)
  Eustachio (D:5)
  A steam dragon (D:6)
  Menkaure (D:5)
  An orc warrior (D:6)
  The ghost of dricus the Chopper, an amateur HOFi (D:3)
  3 ogres (D:6)
  A centaur (D:6)
  A scorpion (D:6)
  A crimson imp (D:6)
  3 orc priests (D:6)
  2 orc wizards
  Ijyb (D:5)
  Natasha (thrice) (D:2)
  An iguana (D:4)
  3 worker ants (D:4)
  A hound zombie (D:6)
  A hound skeleton (D:4)
  10 gnolls
  10 adders
  2 shadow imps (D:5)
  2 oozes (D:4)
  An adder zombie (D:4)
  2 worms (D:2)
  9 dart slugs
  5 leopard geckos
  17 orcs
  A ball python (D:1)
  6 bats
  6 giant cockroaches
  7 goblins
  6 hobgoblins
  7 jackals
  2 quokkas (D:2)
  6 frilled lizards
  6 kobolds
  A leopard gecko zombie (D:5)
  A quokka skeleton (D:4)
  7 rats
141 creatures vanquished.

Notes
Turn   | Place    | Note
-------+----------+-------------------------------------------
     0 | D:1      | Kloppie the Minotaur Fighter began the quest for the Orb.
     0 | D:1      | Reached XP level 1. HP: 19/19 MP: 0/0
   152 | D:1      | Reached XP level 2. HP: 24/27 MP: 1/1
   203 | D:1      | Reached skill level 3 in Long Blades
   427 | D:1      | You fall through a shaft!
   489 | D:2      | Reached XP level 3. HP: 30/33 MP: 2/2
   499 | D:2      | Noticed Natasha
   509 | D:2      | Killed Natasha
   509 | D:2      | Reached skill level 4 in Long Blades
   509 | D:2      | Reached XP level 4. HP: 7/41 MP: 3/3
   791 | D:2      | Found a glowing silver altar of Zin.
   791 | D:2      | Found a hazy altar of Hepliaklqana.
   791 | D:2      | Found a shimmering altar of Xom.
   806 | D:2      | Found a stormy altar of Qazlal.
   810 | D:2      | Found a sparkling altar of Nemelex Xobeh.
   933 | D:2      | Noticed Natasha
   945 | D:2      | Killed Natasha
   945 | D:2      | Reached skill level 5 in Fighting
  1360 | D:2      | Noticed Natasha
  1361 | D:2      | Found a hide-covered altar of Uskayaw.
  1365 | D:2      | Killed Natasha
  1396 | D:2      | Reached XP level 5. HP: 40/48 MP: 4/4
  1551 | D:2      | Reached skill level 5 in Long Blades
  2084 | D:3      | Noticed dricus's ghost (amateur HOFi)
  2226 | D:3      | Killed dricus's ghost
  2226 | D:3      | Reached XP level 6. HP: 51/58 MP: 5/5
  2236 | D:3      | Found a shattered altar of Ashenzari.
  2467 | D:3      | Found an iron altar of Okawaru.
  2647 | D:4      | Reached skill level 6 in Long Blades
  3755 | D:5      | Entered Level 5 of the Dungeon
  3776 | D:5      | Noticed Menkaure
  3784 | D:5      | Killed Menkaure
  3784 | D:5      | Reached skill level 7 in Long Blades
  3784 | D:5      | Reached skill level 5 in Armour
  3784 | D:5      | Reached XP level 7. HP: 8/64 MP: 6/6
  4347 | D:5      | Found a staircase to the Ecumenical Temple.
  4628 | D:5      | Found an opulent altar of Gozag.
  4639 | D:5      | Noticed Sigmund
  4661 | D:5      | Killed Sigmund
  4695 | D:5      | Noticed Eustachio
  4709 | D:5      | Killed Eustachio
  4709 | D:5      | Reached skill level 8 in Long Blades
  4709 | D:5      | Reached XP level 8. HP: 61/71 MP: 7/7
  4715 | D:5      | Noticed Ijyb
  4720 | D:5      | Killed Ijyb
  5134 | Temple   | Entered the Ecumenical Temple
  5316 | Temple   | Became a worshipper of Makhleb the Destroyer
  5489 | D:6      | Found a radiant altar of Vehumet.
  5517 | D:6      | HP: 5/106 [orc warrior/hand axe (4)]
  5779 | D:6      | Reached skill level 9 in Long Blades
  6308 | D:6      | Reached skill level 10 in Long Blades
  6313 | D:6      | Killed from afar by a steam dragon

Skill      XL: |  1  2  3  4  5  6  7  8 |
---------------+-------------------------+-----
Fighting       | 4 5 6 7 |  7.3
Long Blades    | 3 4 5 7 8 10 | 10.0
Armour         | 5 6 7 |  7.4
Shields        | 4 |  4.8

Action                   |  1- 3 |  4- 6 |  7- 9 || total
-------------------------+-------+-------+-------++-------
Melee: Long sword        |    55 |   173 |   143 ||   371
       Headbutt          |     7 |    36 |    28 ||    71
  Use: Potion            |       |     1 |     3 ||     4
       Scroll            |       |       |     6 ||     6
  Eat: Chunk             |       |     9 |     8 ||    17
Armor: Scale mail        |    35 |    51 |       ||    86
       Chain mail        |       |    39 |    63 ||   102
       Skin              |       |       |    12 ||    12
Dodge: Dodged            |    40 |   106 |    49 ||   195
       Rpst.: Long sword |     9 |    27 |    13 ||    49
